 Dungeon Crawl Stone Soup version 0.30-a0-465-g8901f6c8b5 (webtiles) character file.

Game seed: 11812955638941846628

1930148 Khashishi the Archmage (level 27, 148/148 HPs)
             Began as a Deep Elf Fire Elementalist on Dec 15, 2022.
             Was the Champion of Vehumet.
             Escaped with the Orb
             ... and 3 runes on Dec 18, 2022!
             The game lasted 09:53:26 (55397 turns).

Khashishi the Archmage (DEFE)                      Turns: 55397, Time: 09:53:26

Health: 148/148    AC: 12    Str: 10    XL:     27
Magic:  45/65      EV: 44    Int: 41    God:    Vehumet [******]
Gold:   2650       SH: 13    Dex: 33    Spells: 21/80 levels left

rFire   + + +      SeeInvis .    o - staff of conjuration
rCold   . . .      Faith    .    G - +3 buckler {rC+ rF+}
rNeg    . . .      Spirit   .    L - +3 salamander hide armour {Flames rF++ rC--}
rPois   +          Reflect  .    H - +0 helmet of Judaerus {+Blink}
rElec   +          Harm     .    U - scarf {rC+ rF+}
rCorr   .          Rampage  .    W - +0 pair of gloves of Cautuo {Regen+ MP+9 Int-5 Dex+7}
Will    ++...                    z - +2 pair of boots of Bursted Freedom {Str+7}
Stlth   ++........               c - amulet of the Air {Inacc Air Fly rElec RMsl}
HPRegen 2.04/turn                x - ring of Circularity {Drain rPois Int+8 Dex+5}
MPRegen 0.39/turn                w - ring "Waloh" {*Corrode Int+3 Dex+6 Slay+4}

@: brilliant, flying, hasted, studying Long Blades, repel missiles, very quick
A: talons 1, passive freeze, regeneration 1, weak 1
0: Orb of Zot
}: 3/15 runes: barnacled, silver, gossamer
a: Renounce Religion, Evoke Blink


You escaped.
You worshipped Vehumet.
Vehumet was exalted by your worship.
You visited 12 branches of the dungeon, and saw 52 of its levels.
You visited 1 bazaar.
You also visited: Ice Cave.

You collected 8898 gold pieces.
You spent 6248 gold pieces at shops.

Inventory:

Hand Weapons
 s - the +9 spear of the Heavens {flame, *Corrode Will+++ Str-4 SInv}
   (You took it off an ironbound convoker on level 5 of the Vaults)

   It burns those it strikes, dealing additional fire damage.
   Str:       It affects your strength (-4).
   SInv:      It lets you see invisible.
   *Corrode:  It may corrode you when you take damage.
   Will:      It greatly increases your willpower.
Armour
 z - the +2 pair of boots of Bursted Freedom (worn) {Str+7}
   (You found it on level 5 of the Vaults)

   Str:       It affects your strength (+7).
 B - a +2 robe of the Archmagi
 G - a +3 buckler of resistance (worn)
 H - the +0 helmet of Judaerus (worn) {+Blink}
   (You found it on level 1 of the Lair of Beasts)

   +Blink:    It lets you blink.
 L - the +3 salamander hide armour (worn) {Flames rF++ rC--}
   (You took it off a deep elf annihilator on level 3 of the Elven Halls)

   It surrounds you with a cloud of flames.
   It grants immunity to clouds of flame.
   It enhances your fire magic.
   rF:        It greatly protects you from fire.
   rC:        It makes you very vulnerable to cold.
 U - a scarf of resistance (worn)
 W - the +0 pair of gloves of Cautuo (worn) {Regen+ MP+9 Int-5 Dex+7}
   (You bought it in a shop on level 4 of the Vaults)

   Int:       It affects your intelligence (-5).
   Dex:       It affects your dexterity (+7).
   MP:        It affects your magic capacity (+9).
   Regen:     It increases your rate of health regeneration.
Magical Staves
 o - a staff of conjuration (weapon)
Jewellery
 c - the amulet of the Air (around neck) {Inacc Air Fly rElec RMsl}
   (You found it on level 4 of the Shoals)

   [amulet of nothing]

   It reduces the accuracy of all your attacks.
   It enhances your air magic.
   rElec:     It insulates you from electricity.
   Fly:       It grants you flight.
   RMsl:      It protects you from missiles.
 f - the ring "Fasaighe" {rPois Will+ Stlth+}
   (You took it off a deep elf high priest on level 5 of the Vaults)

   [ring of willpower]

   rPois:     It protects you from poison.
   Will:      It increases your willpower.
   Stlth:     It makes you more stealthy.
 i - a ring of positive energy
 p - a ring of resist corrosion
 r - the ring of the Garden {rPois rC+ MP+9 Str-4}
   (You bought it in a shop in a bazaar)

   [ring of poison resistance]

   Str:       It affects your strength (-4).
   rC:        It protects you from cold.
   rPois:     It protects you from poison.
   MP:        It affects your magic capacity (+9).
 w - the ring "Waloh" (right hand) {*Corrode Int+3 Dex+6 Slay+4}
   (You found it on level 10 of the Dungeon)

   [ring of slaying]

   Int:       It affects your intelligence (+3).
   Dex:       It affects your dexterity (+6).
   Slay:      It affects your accuracy & damage with ranged weapons and melee
   (+4).
   *Corrode:  It may corrode you when you take damage.
 x - the ring of Circularity (left hand) {Drain rPois Int+8 Dex+5}
   (You bought it in a shop on level 3 of the Depths)

   [ring of poison resistance]

   Int:       It affects your intelligence (+8).
   Dex:       It affects your dexterity (+5).
   rPois:     It protects you from poison.
   Drain:     It drains your maximum health when unequipped.
Wands
 q - a wand of digging (16)
 y - a wand of roots (54)
 J - a wand of acid (10)
Scrolls
 a - 7 scrolls of blinking
 d - 3 scrolls of butterflies
 e - a scroll of amnesia
 g - 23 scrolls of teleportation
 C - a scroll of silence
 D - 11 scrolls of fear
 N - 8 scrolls of poison
 O - 6 scrolls of immolation
 R - 11 scrolls of fog
 Z - 2 scrolls of magic mapping
Potions
 b - 4 potions of invisibility
 j - 14 potions of mutation
 l - 12 potions of ambrosia
 m - 3 potions of brilliance
 n - 34 potions of curing
 t - 22 potions of heal wounds
 u - 5 potions of haste
 v - 10 potions of might
 E - 7 potions of resistance
 M - 7 potions of magic
 Y - a potion of cancellation
Miscellaneous
 A - a box of beasts
 I - a lightning rod (4/4)
 K - a condenser vane
 P - a phial of floods
 Q - a phantom mirror


   Skills:
 - Level 8.7 Fighting
 - Level 6.0 Long Blades
 - Level 6.3 Staves
 + Level 3.9 Armour
 O Level 27 Dodging
 + Level 8.2 Stealth
 - Level 14.0 Shields
 O Level 27 Spellcasting
 + Level 25.0 Conjurations
 + Level 9.3 Summonings
 - Level 4.1 Necromancy
 - Level 4.0 Translocations
 + Level 25.5 Fire Magic
 - Level 1.6 Air Magic
 - Level 8.2 Evocations


You had 21 spell levels left.
You knew the following spells:

 Your Spells              Type           Power      Damage    Failure   Level
b - Scorch                Fire           100%       2d10      0%          2
c - Searing Ray           Conj           100%       2d8       0%          2
d - Flame Wave            Conj/Fire      100%       2d21      0%          4
e - Fireball              Conj/Fire      100%       3d36      0%          5
g - Starburst             Conj/Fire      100%       6d25      0%          6
h - Summon Lightning Spi  Summ/Air       100%       N/A       1%          4
i - Ignition              Fire           92%        3d23      1%          8
B - Sublimation of Blood  Necr           93%        N/A       1%          2
C - Vhi's Electric Charg  Tloc/Air       100%       N/A       1%          3
F - Fire Storm            Conj/Fire      100%       8d25      1%          9
S - Spellforged Servitor  Conj/Summ      82%        N/A       1%          7
Z - Orb of Destruction    Conj           91%        9d20      0%          7

Your spell library contained the following spells:

 Spells                   Type           Power      Damage    Failure   Level
 Polar Vortex             Ice            35%        N/A       100%        9
 Foxfire                  Conj/Fire      100%       2x1d9     0%          1
 Kiss of Death            Conj/Necr      100%       2d13      0%          1
 Magic Dart               Conj           100%       1d8       0%          1
 Shock                    Conj/Air       100%       1d9       0%          1
 Summon Small Mammal      Summ           100%       N/A       0%          1
 Momentum Strike          Conj/Tloc      100%       3d10      0%          2
 Static Discharge         Conj/Air       100%       2-7/arc   0%          2
 Dazzling Flash           Conj/Hex       100%       N/A       0%          3
 Inner Flame              Hex/Fire       100%       N/A       0%          3
 Kindle Blastsparks       Fire/Tloc/Air  100%       2d18      0%          3
 Iskenderun's Mystic Bla  Conj/Tloc      100%       2d19      0%          4
 Sticky Flame             Conj/Fire      100%       2d11      0%          4
 Iskenderun's Battlesphe  Conj           100%       2d15      0%          5
 Apportation              Tloc           100%       N/A       1%          1
 Beastly Appendage        Tmut           100%       N/A       1%          1
 Cigotuvi's Dreadful Rot  Necr/Pois/Air  100%       N/A       1%          2
 Ensorcelled Hibernation  Hex/Ice        100%       N/A       1%          2
 Passwall                 Tmut/Erth      58%        N/A       1%          2
 Poisonous Vapours        Pois/Air       100%       N/A       1%          2
 Wereblood                Tmut           70%        N/A       1%          2
 Call Canine Familiar     Summ           100%       N/A       1%          3
 Confusing Touch          Hex            70%        N/A       1%          3
 Gell's Gravitas          Tloc           93%        N/A       1%          3
 Ignite Poison            Fire/Tmut/Pois 100%       N/A       1%          3
 Lesser Beckoning         Tloc           100%       N/A       1%          3
 Mephitic Cloud           Conj/Pois/Air  100%       N/A       1%          3
 Spider Form              Tmut/Pois      70%        N/A       1%          3
 Summon Guardian Golem    Hex/Summ       96%        N/A       1%          3
 Swiftness                Air            100%       N/A       1%          3
 Teleport Other           Tloc           93%        N/A       1%          3
 Airstrike                Air            50%        2d(8-24)  1%          4
 Anguish                  Hex/Necr       41%        N/A       1%          4
 Animate Dead             Necr           93%        N/A       1%          4
 Dispel Undead            Necr           93%        3d29      1%          4
 Fulminant Prism          Conj/Hex       75%        3d31      1%          4
 Manifold Assault         Tloc           93%        N/A       1%          4
 Passage of Golubria      Tloc           93%        N/A       1%          4
 Arcjolt                  Conj/Air       89%        1d99      1%          5
 Freezing Cloud           Conj/Ice/Air   81%        6-21      1%          5
 Lightning Bolt           Conj/Air       89%        1d118     1%          5
 Summon Forest            Summ/Tloc      52%        N/A       1%          5
 Summon Mana Viper        Hex/Summ       96%        N/A       1%          5
 Conjure Ball Lightning   Conj/Air       89%        3x3d34    1%          6
 Agony                    Necr           93%        N/A       2%          5
 Yara's Violent Unravell  Hex/Tmut       35%        3d14      3%          5
 Petrify                  Tmut/Erth      70%        N/A       4%          4
 Lehudib's Crystal Spear  Conj/Erth      75%        10d17     4%          8
 Borgnjor's Vile Clutch   Necr/Erth      41%        N/A       5%          5
 Silence                  Hex/Air        48%        N/A       9%          5
 Summon Hydra             Summ           57%        N/A       9%          7
 Alistair's Intoxication  Tmut/Pois      46%        N/A       12%         5
 Metabolic Englaciation   Hex/Ice        35%        N/A       12%         5
 Death Channel            Necr           46%        N/A       12%         6
 Dispersal                Tloc           46%        N/A       13%         6
 Eringya's Noxious Bog    Tmut/Pois      35%        N/A       17%         6
 Haunt                    Necr/Summ      52%        N/A       24%         7
 Chain Lightning          Conj/Air       89%        3d119     41%         9
 Statue Form              Tmut/Erth      46%        N/A       54%         6
 Summon Horrible Things   Summ           57%        N/A       54%         8
 Ozocubu's Refrigeration  Ice            35%        4d15      63%         7
 Storm Form               Tmut/Air       48%        N/A       95%         7
 Maxwell's Capacitive Co  Air            50%        ∞         96%         8
 Enfeeble                 Hex            35%        N/A       98%         7
 Borgnjor's Revivificati  Necr           46%        N/A       99%         8
 Infestation              Necr           46%        N/A       99%         8
 Necromutation            Tmut/Necr      41%        N/A       100%        8
 Shatter                  Erth           35%        3d28*     100%        9


Dungeon Overview and Level Annotations

Branches:
Dungeon (15/15)            Temple (1/1) D:7            Lair (5/5) D:8
 Shoals (4/4) Lair:2       Spider (4/4) Lair:2        Slime (1/5) Lair:4
    Orc (2/2) D:11            Elf (3/3) Orc:2        Vaults (5/5) D:14
  Crypt (3/3) Vaults:2       Tomb (0/3) Crypt:3      Depths (4/4) D:15
    Zot (5/5) Depths:4      IceCv (visited)

Altars:
Ashenzari
Cheibriados
Dithmenos
Elyvilon
Fedhas
Gozag
Hepliaklqana
Kikubaaqudgha
Makhleb
Nemelex Xobeh
Okawaru
Qazlal
Ru
Sif Muna
Trog
Uskayaw
Vehumet
Wu Jian
Xom
Yredelemnul
Zin
The Shining One

Shops:
Orc:2 (!:?   Elf:1 *   Vaults:4 ([?   Vaults:5 *   Depths:3 **!   Depths:4 :

Portals:
Hell: Depths:1 Depths:2 Depths:3 Depths:4
Abyss: Depths:3
Pandemonium: Orc:2 Depths:2
Ziggurat: Depths:4

Annotations:
D:13 1 runed translucent door


Innate Abilities, Weirdness & Mutations

You have sharp toenails.
A frigid envelope surrounds you and freezes all who hurt you.
Your natural rate of healing is unusually fast.
You are weak. (Str -2)


Message History

The angel dissolves into sparkling lights!
Your Conjurations skill increases to level 25!
Casting: Fire Storm (dangerous; 1% risk of failure)
Confirm with . or Enter, or press ? or * to list all spells.
You feel a surge of power!
You draw magical energy from your own body!
You swap places.
Things that are here:
a +2 falchion of flaming; a +0 sling; a +0 robe; a +0 buckler You swap places.
Things that are here:
a +6 great sword of flaming; +1 pearl dragon scales
(D) Dungeon (T) Temple (L) Lair (A) Shoals (N) Spider Nest (M) Slime Pits (O) Orcish Mines (E) Elven Halls (V) Vaults (C) Crypt (W) Tomb (U) Depths (H) Hell (Z) Zot
Where to? (Enter - D:1 @ (x,y), ? - help)
You swap places.
There is a stone staircase leading up here.
You fly upwards.
There is a stone staircase leading down here.
There is an open door here.
There is an open door here.
There is a staircase leading out of the dungeon here.
Casting: Sublimation of Blood (safe; 1% risk of failure)
Confirm with . or Enter, or press ? or * to list all spells.
You feel a surge of power!
You draw magical energy from your own body!
(D) Dungeon (T) Temple (L) Lair (A) Shoals (N) Spider Nest (M) Slime Pits (O) Orcish Mines (E) Elven Halls (V) Vaults (C) Crypt (W) Tomb (U) Depths (H) Hell (Z) Zot
Where to? (Enter - D:1 @ (x,y), ? - help) You're already here!
Unknown command.
There is a staircase leading out of the dungeon here.
Unknown command.
You can't go up here!
There is a staircase leading out of the dungeon here.
You have escaped!

..#...#§§.# #...#...#..
..'...'...#### ####...'...'..
###...#...##.#######.##...#...###
.###..#...'...'...'...'...#..###.
...####...#...#.>.#...#...####...
......######'##...#########......
##...........#######...........##
#####........°°○○○........######
###.#######...°☼@°☼...######....#
.......# #############..#......#
.......# ##...............#....#
###########..............†.######
8###8###8##................#
......†...............†....#
...........................#
...........................#
..##8###8##................#


There were no monsters in sight!

Vanquished Creatures
  A seraph (D:2)
  5 dread liches
  4 orbs of fire
  2 ancient liches
  Mara (Spider:4)
  The ghost of Zoaron the Minotaur Barricade, a legendary MiBe of Trog (Zot:5)
  Josephina (Depths:4)
  Vv (Zot:2)
  Frederick (Crypt:2)
  6 Killer Klowns
  3 curse toes
  5 golden dragons
  Nikola (Spider:4)
  Jory (Depths:3)
  Arachne (Spider:2)
  The ghost of Hyuliamusu the Eclecticist, an adept DjSu of Makhleb (Vaults:2)
  The ghost of Hyev the Spear-Bearer, an adept DsCA of Kikubaaqudgha (Depths:1)
  17 tentacled monstrosities
  5 electric golems
  Zenata (Vaults:1)
  A walking crystal tome (Depths:3)
  2 titans (Vaults:5)
  A pandemonium lord (D:15)
  A shard shrike zombie (Crypt:1)
  24 Orb Guardians
  3 liches
  2 deep elf blademasters (Elf:3)
  A walking frostbound tome (Depths:3)
  An acid blob (Slime:1)
  6 sphinxes
  10 quicksilver dragons
  2 deep elf master archers (Elf:3)
  2 Executioners
  13 death cobs
  8 ancient champions (Crypt:3)
  7 tengu reavers
  Kirke (Shoals:1)
  12 storm dragons
  Donald (Shoals:2)
  6 draconian monks
  12 shadow dragons
  4 draconian knights
  3 revenants
  4 fire giants
  8 frost giants
  An iron dragon (Vaults:5)
  10 deep elf sorcerers
  3 deep elf elementalists (Elf:3)
  15 vault wardens
  5 draconian scorchers
  A cacodemon (D:7)
  9 draconian shifters
  9 ghost moths
  3 emperor scorpions
  An angel (D:2)
  A quicksilver ooze (Lair:4)
  2 ironbound thunderhulks
  3 ghouls
  3 war gargoyles (Vaults:4)
  12 draconian annihilators
  4 draconian stormcallers (Zot:1)
  13 ironbound preservers
  A reaper (Crypt:2)
  2 juggernaut skeletons (Crypt:3)
  4 spriggan defenders (Depths:3)
  5 vampire knights
  8 black draconians
  2 broodmothers
  15 stone giants
  Nessos (Lair:3)
  10 very ugly things
  4 caustic shrike skeletons (Crypt:3)
  11 deep elf annihilators
  3 deep elf demonologists
  7 red draconians
  7 white draconians
  12 green draconians
  11 yellow draconians
  A minotaur (D:15)
  3 spark wasps
  7 dire elephants
  10 purple draconians
  6 merfolk impalers
  A green death (D:15)
  7 deep elf death magi
  An entropy weaver (Spider:4)
  2 eidola (Crypt:3)
  8 jiangshi
  2 merfolk javelineers (Shoals:4)
  12 ettins
  8 yaktaur captains
  7 great orbs of eyes
  2 deep elf high priests
  5 fire dragons
  3 rakshasas
  2 spriggan skeletons (Crypt:3)
  2 demonspawn (Orc:2)
  5 spriggan air magi
  29 vault guards
  10 hydras
  11 ice dragons
  3 hell beasts
  Erolcha (D:12)
  6 centaur warriors
  2 ogre magi
  A fenstrider witch zombie (Crypt:2)
  7 ironbound frosthearts
  A merfolk avatar (Shoals:4)
  3 radroaches
  Erica (D:9)
  6 boulder beetles
  3 jorogumos
  21 dancing weapons
  2 merfolk aquamancers (Shoals:4)
  A death knight (Crypt:1)
  4 deep troll shamans
  4 death scarabs (Spider:4)
  8 death yaks
  2 satyrs (Shoals:4)
  5 deep troll earth magi
  11 two-headed ogres
  7 orc high priests
  6 vampire magi
  Urug (Lair:3)
  2 spriggan berserkers
  6 tengu warriors
  9 hell knights
  14 deep elf knights
  Amaemon (Lair:3)
  A spectral storm dragon (Vaults:2)
  2 soul eaters
  Nergalle (Orc:1)
  Sonja (Lair:4)
  2 spectral yaktaurs (Vaults:2)
  Lodul (D:13)
  5 iron trolls
  22 skeletal warriors
  3 titan skeletons (Crypt:3)
  A quicksilver dragon simulacrum (Depths:1)
  A cherub (D:2)
  6 pharaoh ants
  A bog body (Crypt:1)
  8 sea snakes
  26 deep trolls
  6 steelbarb worms (Spider:4)
  8 deep elf archers
  11 orb spiders
  4 glowing orange brains
  A spriggan simulacrum (Crypt:3)
  A bunyip skeleton (Crypt:3)
  An orange crystal statue (IceCv)
  3 flayed ghosts
  10 ironbound convokers
  The ghost of baller8008 the Thaumaturge, a novice DECj of Hepliaklqana (D:8)
  21 deep elf zephyrmancers
  8 phantasmal warriors
  3 wolf spider zombies (Spider:1)
  27 deep elf pyromancers
  2 spectral wolf spiders (Spider:1)
  8 orc knights
  4 lindwurms
  13 wolf spiders
  8 orc sorcerers (Orc:2)
  A tengu skeleton (Crypt:3)
  A broodmother zombie (Spider:4)
  4 wizards
  7 harpies
  A mana viper (shapeshifter) (Vaults:5)
  15 fauns
  7 necromancers
  33 ugly things
  2 spectral ettins (Vaults:2)
  A manticore (shapeshifter) (Vaults:5)
  14 manticores
  A frost giant zombie (Depths:2)
  23 moths of wrath
  12 cyclopes
  3 fire giant skeletons
  A black mamba (shapeshifter) (Elf:3)
  4 merfolk sirens
  18 elephants
  13 vault sentinels
  4 torpor snails
  A spectral elf (Vaults:2)
  5 cane toads
  A frost giant skeleton (Vaults:4)
  A gargoyle (D:11)
  2 unseen horrors
  2 water nymphs
  6 black mambas
  A dire elephant skeleton (Crypt:3)
  A storm dragon simulacrum (Depths:4)
  2 orange demons
  A centaur skeleton (Crypt:3)
  10 rime drakes
  3 demonic crawlers
  A swamp worm zombie (Crypt:3)
  A steelbarb worm zombie (Crypt:3)
  2 spectral redbacks (Spider:4)
  A tormentor (Zot:1)
  A kobold demonologist (D:12)
  An alligator snapping turtle skeleton (Crypt:3)
  35 yaktaurs
  A spectral glowing shapeshifter (Vaults:2)
  An unseen horror (shapeshifter) (D:14)
  7 komodo dragons
  2 tengu conjurers
  A minotaur skeleton (Crypt:3)
  3 freezing wraiths
  4 guardian mummies (Crypt:3)
  2 ice devils (Orc:2)
  A yaktaur skeleton (Vaults:2)
  2 red devils
  14 trolls
  7 polar bears
  2 meliai
  A shadow dragon simulacrum (Vaults:2)
  21 merfolk
  A queen bee (Lair:1)
  A tengu simulacrum (Depths:4)
  Prince Ribbit (Lair:3)
  4 spectral jumping spiders (Spider:4)
  A tarantella zombie (Spider:4)
  Grinder (D:5)
  17 tarantellas
  4 wolf spider simulacra (Spider:1)
  3 harpy skeletons (Crypt:3)
  23 blink frogs
  3 wind drakes (Shoals:2)
  A hornet (shapeshifter) (D:14)
  28 slime creatures
  A spectral culicivora (Spider:4)
  An ettin zombie (Vaults:4)
  3 dream sheep
  A tarantella (shapeshifter) (D:14)
  9 snapping turtles
  A jumping spider (shapeshifter) (D:15)
  17 jumping spiders
  Sigmund (D:3)
  A spriggan (Depths:3)
  4 shadows
  14 culicivoras
  17 yaks
  2 vampires
  A ynoxinul (Depths:2)
  An air elemental (Elf:2)
  3 hogs (Shoals:1)
  8 wyverns
  11 water elementals
  8 wraiths
  2 fire bats (Depths:3)
  3 fire elementals (Elf:3)
  2 basilisks (Lair:5)
  2 redbacks (shapeshifter)
  4 steam dragons
  A human (shapeshifter) (D:14)
  45 redbacks
  A golden eye (shapeshifter) (D:14)
  A basilisk (shapeshifter) (D:15)
  11 vampire mosquitoes
  10 wargs
  Edmund (D:6)
  An acid dragon (D:11)
  12 water moccasins
  3 hell hounds (Zot:3)
  3 floating eyes
  A glowing shapeshifter skeleton (Vaults:4)
  An ice beast (shapeshifter) (Vaults:5)
  A naga skeleton (Crypt:3)
  51 orc warriors
  A black bear (D:6)
  2 sky beasts
  An ettin simulacrum (Vaults:4)
  2 ice beasts
  18 ogres
  An elf simulacrum (Vaults:2)
  7 wolves
  A swamp dragon skeleton (Crypt:1)
  7 boggarts
  A centaur (shapeshifter) (Vaults:5)
  A phantom (D:4)
  13 centaurs
  2 kobold brigands
  8 bullfrogs
  3 necrophages
  4 scorpions
  An entropy weaver simulacrum (Vaults:4)
  3 human skeletons (Vaults:2)
  20 wights
  34 killer bees
  2 human simulacra
  A nameless horror (Vaults:5)
  7 howler monkeys
  2 electric eels
  A hound (D:7)
  30 orc priests
  2 jellies
  3 gnoll boudas
  A black bear skeleton (Crypt:3)
  Ijyb (D:3)
  A basilisk skeleton (Crypt:3)
  4 iguanas
  24 orc wizards
  5 mummies (Crypt:3)
  A howler monkey zombie (Crypt:3)
  8 gnolls
  6 adders
  6 white imps
  An ufetubus (D:5)
  A worm (D:2)
  4 dart slugs
  99 orcs
  5 endoplasms
  10 giant cockroaches
  8 goblins
  10 hobgoblins
  3 jackals
  12 kobolds
  2 quokkas
  7 ball pythons
  4 bats
  3 frilled lizards
  3 rats
  A bush (Lair:5)
  3 fire vortices
1966 creatures vanquished.

Vanquished Creatures (collateral kills)
  A dread lich (Vaults:5)
  Boris (Depths:3)
  Saint Roka (Vaults:1)
  2 golden dragons
  the Enchantress (Depths:3)
  4 tentacled monstrosities
  5 Orb Guardians
  A quicksilver dragon (Zot:3)
  A deep elf master archer (Elf:3)
  Polyphemus (Shoals:4)
  A titan (Vaults:5)
  2 tengu reavers
  2 shadow dragons (Vaults:5)
  The ghost of Lobster4 the Convoker, an adept HuSu of Hepliaklqana (Elf:1)
  2 storm dragons
  2 fire giants (Depths:1)
  A draconian knight (Zot:5)
  An emperor scorpion (Spider:3)
  A draconian scorcher (Zot:1)
  4 frost giants
  2 iron dragons (Vaults:5)
  A curse skull (Crypt:2)
  A deep elf elementalist (Elf:3)
  A caustic shrike zombie (Crypt:2)
  3 draconian shifters
  2 orc warlords
  The ghost of greenreed the Fighter, a journeyman FoFi of Nemelex Xobeh (D:15)
  7 very ugly things
  A ghoul (Crypt:2)
  4 caustic shrike skeletons
  2 broodmothers
  A juggernaut skeleton (Crypt:2)
  A vampire knight (Crypt:2)
  2 ironbound thunderhulks
  A black draconian (Zot:1)
  A green draconian (Zot:5)
  4 stone giants
  3 dire elephants
  A deep elf demonologist (Elf:1)
  2 red draconians (Zot:1)
  A spark wasp (Spider:4)
  3 ettins
  2 white draconians
  2 merfolk javelineers (Shoals:4)
  2 great orbs of eyes (Vaults:2)
  A crystal guardian (Vaults:4)
  2 jiangshi
  2 deep elf high priests
  A fire dragon (Depths:1)
  A yaktaur captain (Vaults:2)
  3 merfolk impalers
  A catoblepas (Shoals:4)
  4 merfolk avatars
  2 peacekeepers (Vaults:4)
  A spriggan skeleton (Crypt:3)
  5 ironbound frosthearts
  2 alligator snapping turtles
  An ice dragon (IceCv)
  An ogre mage (Vaults:5)
  A centaur warrior (Shoals:3)
  A satyr (Shoals:2)
  3 boulder beetles
  8 dancing weapons
  A merfolk aquamancer (Shoals:4)
  A tengu warrior (Depths:2)
  4 death scarabs (Spider:4)
  A deep troll shaman (Depths:2)
  2 death yaks (Shoals:4)
  A hell knight (Vaults:5)
  6 deep elf knights
  3 iron trolls
  A spark wasp zombie (Crypt:1)
  2 pharaoh ants
  7 skeletal warriors
  10 deep trolls
  6 sea snakes
  An anaconda zombie (Crypt:3)
  A bog body (Crypt:2)
  4 steelbarb worms
  2 lindwurms (Vaults:3)
  8 deep elf pyromancers
  2 wolf spider zombies
  3 harpies
  2 ironbound convokers
  2 phantasmal warriors (Vaults:5)
  2 deep elf zephyrmancers
  A necromancer (Crypt:2)
  9 ugly things
  A sphinx skeleton (Vaults:2)
  11 wolf spiders
  A broodmother zombie (Spider:4)
  3 fauns
  A cyclops (Shoals:4)
  5 manticores
  8 moths of wrath
  2 stone giant skeletons (Vaults:2)
  3 human skeletons (Vaults:2)
  6 merfolk sirens
  5 vault sentinels
  3 water nymphs
  2 centaur skeletons (Crypt:3)
  An alligator snapping turtle zombie (Crypt:2)
  A catoblepas zombie (Crypt:1)
  2 torpor snails (Spider:3)
  2 freezing wraiths
  A spectral redback (Spider:4)
  11 demonic crawlers
  A redback zombie (Spider:4)
  A grey draconian skeleton (Crypt:1)
  3 yaktaurs
  3 rime drakes (IceCv)
  A guardian mummy (Crypt:3)
  A red draconian skeleton (Crypt:1)
  13 merfolk
  A shadow dragon simulacrum (Depths:4)
  2 polar bears (IceCv)
  A polar bear (shapeshifter) (Vaults:5)
  2 wind drakes
  A tarantella zombie (Spider:4)
  7 tarantellas
  6 snapping turtles
  A tengu simulacrum (Depths:4)
  A harpy skeleton (Crypt:2)
  8 slime creatures (Vaults:1)
  An ettin zombie (Crypt:2)
  3 dream sheep (Shoals:1)
  A guardian serpent zombie (Crypt:1)
  5 jumping spiders
  6 culicivoras
  2 wraiths
  2 water elementals
  A merfolk skeleton (Crypt:3)
  2 fire bats (Depths:3)
  3 fire elementals
  15 redbacks
  A vampire mosquito (Elf:2)
  A glowing shapeshifter skeleton (Vaults:2)
  4 orc warriors
  A hornet zombie (Crypt:1)
  A boggart (Vaults:2)
  4 ogres
  A salamander zombie (Crypt:1)
  2 earth elementals
  2 necrophages (Crypt:2)
  5 wights (Crypt:3)
  A warg skeleton (Crypt:2)
  An orc priest (Orc:2)
  An orc wizard (Orc:2)
  A boggart skeleton (Crypt:3)
  A deep dwarf zombie (Crypt:2)
  2 naga skeletons
  2 mummies (Crypt:3)
  8 orcs
  A giant cockroach zombie (Crypt:2)
  A rat zombie (Crypt:1)
  23 fire vortices
  5 foxfires
440 creatures vanquished.

Vanquished Creatures (others)
  A yaktaur captain (Vaults:5)
  A death yak (Shoals:4)
  A steelbarb worm (Spider:4)
  A manticore (Shoals:2)
  A merfolk siren (Shoals:2)
  A yaktaur (Vaults:1)
  A polar bear (IceCv)
  329 fire vortices
  654 foxfires
  46 fungi
  161 plants
1197 creatures vanquished.

Grand Total: 3603 creatures vanquished

Notes
Turn   | Place    | Note
-------+----------+-------------------------------------------
     0 | D:1      | Khashishi the Deep Elf Fire Elementalist began the quest
                  | for the Orb.
     0 | D:1      | Reached XP level 1. HP: 10/10 MP: 6/6
   208 | D:1      | Reached XP level 2. HP: 14/15 MP: 5/8
   296 | D:1      | Learned a level 2 spell: Scorch
   477 | D:1      | Learned a level 2 spell: Searing Ray
   569 | D:1      | Found a faded altar of an unknown god.
   699 | D:1      | Reached XP level 3. HP: 19/19 MP: 6/9
  1073 | D:2      | Found a glowing silver altar of Zin.
  1293 | D:2      | Reached XP level 4. HP: 24/24 MP: 9/11
  1320 | D:2      | Identified the +1 pair of gloves "Fidegopp" {Rampage rPois
                  | Int-4 Dex+5}
  1622 | D:3      | Found a broken altar of Ashenzari.
  1719 | D:3      | Noticed Sigmund
  1728 | D:3      | Killed Sigmund
  1729 | D:3      | Reached XP level 5. HP: 22/28 MP: 3/14
  1749 | D:3      | Found an opulent altar of Gozag.
  1804 | D:3      | Learned a level 4 spell: Flame Wave
  1940 | D:3      | Noticed Ijyb
  1945 | D:3      | Killed Ijyb
  1946 | D:3      | Reached XP level 6. HP: 23/32 MP: 7/15
  2190 | D:4      | Reached skill level 5 in Spellcasting
  2278 | D:4      | Reached skill level 5 in Fire Magic
  2581 | D:4      | Found a basalt altar of Yredelemnul.
  2699 | D:5      | Entered Level 5 of the Dungeon
  2699 | D:5      | Noticed Grinder
  2705 | D:5      | Killed Grinder
  2706 | D:5      | Reached skill level 5 in Dodging
  2706 | D:5      | Reached XP level 7. HP: 21/36 MP: 9/18
  2819 | D:5      | You fall into a shaft and drop 1 floor!
  3300 | D:6      | Noticed Edmund
  3310 | D:6      | Killed Edmund
  3325 | D:6      | Reached skill level 5 in Conjurations
  3325 | D:6      | Reached XP level 8. HP: 41/41 MP: 9/20
  3332 | D:6      | Learned a level 5 spell: Fireball
  4053 | D:7      | Reached XP level 9. HP: 20/45 MP: 9/23
  4156 | D:7      | Found a staircase to the Ecumenical Temple.
  4278 | Temple   | Entered the Ecumenical Temple
  4333 | D:7      | Learned a level 3 spell: Kindle Blastsparks
  4730 | D:8      | Reached skill level 1 in Translocations
  4812 | D:9      | Noticed a two-headed ogre
  4911 | D:8      | Found a glowing silver altar of Zin.
  5086 | D:8      | Found a runed translucent gate.
  5086 | D:8      | Found a runed translucent gate.
  5111 | D:8      | Found a runed translucent gate.
  5117 | D:8      | Noticed baller8008's ghost (novice DECj)
  5434 | D:8      | Found a snail-covered altar of Cheibriados.
  5578 | D:8      | Found a staircase to the Lair.
  5793 | Lair:1   | Entered Level 1 of the Lair of Beasts
  5840 | Lair:1   | Noticed a queen bee
  5856 | Lair:1   | Killed a queen bee
  5859 | Lair:1   | Reached XP level 10. HP: 50/50 MP: 8/25
  6010 | Lair:1   | Reached skill level 10 in Spellcasting
  6439 | Lair:1   | Identified the +0 helmet of Judaerus {+Blink}
  6711 | Lair:2   | Reached skill level 1 in Evocations
  6825 | Lair:2   | Noticed a black mamba
  6919 | Lair:2   | Killed a black mamba
  6939 | Lair:2   | Noticed an elephant
  6952 | Lair:2   | Killed an elephant
  6965 | Lair:2   | Noticed an elephant
  6983 | Lair:2   | Killed an elephant
  6984 | Lair:2   | Noticed an elephant
  7075 | Lair:2   | Noticed an elephant
  7091 | Lair:2   | Killed an elephant
  7249 | Lair:2   | Noticed a six-headed hydra
  7256 | Lair:2   | Killed a six-headed hydra
  7257 | Lair:2   | Reached skill level 10 in Dodging
  7257 | Lair:2   | Reached XP level 11. HP: 55/55 MP: 15/28
  7512 | Lair:2   | Reached skill level 1 in Fighting
  7571 | Lair:2   | Noticed a death yak
  7579 | Lair:2   | Noticed a death yak
  7585 | Lair:2   | Noticed a death yak
  7586 | Lair:2   | Killed a death yak
  7865 | Lair:2   | Found a hole to the Spider Nest.
  7900 | Lair:2   | Noticed a death yak
  7905 | Lair:2   | Killed a death yak
  7906 | Lair:2   | Reached skill level 10 in Fire Magic
  8050 | Lair:2   | Killed a death yak
  8056 | Lair:2   | Killed a death yak
  8511 | Lair:2   | Found a staircase to the Shoals.
  8658 | Lair:3   | Noticed a five-headed hydra
  8726 | Lair:3   | Noticed Amaemon
  8729 | Lair:3   | Reached skill level 1 in Armour
  8730 | Lair:3   | Noticed Nessos
  8817 | Lair:3   | Killed Amaemon
  8818 | Lair:3   | Reached skill level 10 in Conjurations
  8818 | Lair:3   | Killed Nessos
  9083 | Lair:3   | Noticed Prince Ribbit
  9090 | Lair:3   | Killed Prince Ribbit
  9098 | Lair:3   | Reached XP level 12. HP: 61/64 MP: 10/30
  9376 | Lair:3   | You fall into a shaft and drop 2 floors!
  9376 | Lair:5   | Entered Level 5 of the Lair of Beasts
  9391 | Lair:5   | Noticed a four-headed hydra
  9409 | Lair:5   | Killed a four-headed hydra
 10105 | Lair:4   | Noticed Sonja
 10107 | Lair:4   | Killed Sonja
 10193 | Lair:4   | Noticed a boulder beetle
 10203 | Lair:4   | Killed a boulder beetle
 10416 | Lair:4   | Noticed a five-headed hydra
 10822 | Lair:3   | Killed a five-headed hydra
 10833 | Lair:3   | Learned a level 6 spell: Starburst
 10916 | Lair:3   | Noticed Urug
 10927 | Lair:3   | Killed Urug
 10928 | Lair:3   | Reached XP level 13. HP: 68/68 MP: 19/32
 11502 | Lair:4   | Reached skill level 1 in Long Blades
 11815 | Lair:4   | Found a staircase to the Slime Pits.
 12369 | Slime:1  | Entered Level 1 of the Pits of Slime
 12369 | Slime:1  | Noticed a quicksilver ooze
 12375 | Lair:4   | Killed a quicksilver ooze
 12404 | Lair:4   | Upgraded the game from 0.30-a0-459-g9104f0fc43 to
                  | 0.30-a0-462-gd5975efbca
 13110 | Slime:1  | Noticed an acid blob
 13115 | Slime:1  | Killed an acid blob
 13497 | D:8      | Killed baller8008's ghost
 13498 | D:8      | Reached skill level 15 in Spellcasting
 13845 | D:9      | Noticed Erica
 13856 | D:9      | Killed Erica
 13954 | D:9      | Found an ornate altar of the Wu Jian Council.
 14121 | D:9      | Found a blossoming altar of Fedhas.
 14125 | D:9      | Found a radiant altar of Vehumet.
 14131 | D:9      | Became a worshipper of Vehumet
 14254 | D:9      | Found a sacrificial altar of Ru.
 14356 | D:10     | Entered Level 10 of the Dungeon
 14577 | D:10     | Reached * piety under Vehumet
 14577 | D:10     | Offered knowledge of Freeze by Vehumet.
 14804 | D:10     | Identified the ring "Waloh" {*Corrode Int+3 Dex+6 Slay+4}
 14847 | D:10     | Reached XP level 14. HP: 68/74 MP: 29/35
 14863 | D:10     | Reached skill level 5 in Long Blades
 15339 | D:11     | Found a staircase to the Orcish Mines.
 15822 | D:12     | Found a snail-covered altar of Cheibriados.
 15826 | D:12     | Offered knowledge of Poisonous Vapours by Vehumet.
 15826 | D:12     | Reached ** piety under Vehumet
 15841 | D:12     | Noticed Erolcha
 16731 | D:12     | Killed Erolcha
 16894 | D:13     | Noticed a frost giant
 16894 | D:13     | Noticed a frost giant
 16894 | D:13     | Noticed a storm dragon
 16895 | D:13     | Found a runed translucent door.
 16897 | D:13     | Noticed a storm dragon
 16897 | D:13     | Noticed a stone giant
 16897 | D:13     | Noticed a tengu reaver
 16930 | D:13     | Offered knowledge of Ignite Poison by Vehumet.
 17253 | D:13     | Noticed Lodul
 17257 | D:13     | Reached *** piety under Vehumet
 17334 | D:13     | Identified a scroll of acquirement
 17341 | D:13     | Learned a level 3 spell: Inner Flame
 17353 | D:13     | Killed Lodul
 17855 | D:14     | Offered knowledge of Hailstorm by Vehumet.
 17863 | D:14     | Reached skill level 15 in Dodging
 18005 | D:14     | Reached XP level 15. HP: 78/78 MP: 37/37
 18006 | D:14     | Acquired a book of Dangerous Friends
 18016 | D:14     | Learned a level 7 spell: Orb of Destruction
 18024 | D:14     | Learned a level 7 spell: Spellforged Servitor
 18058 | D:14     | Reached skill level 1 in Summonings
 18967 | D:14     | Found a gate to the Vaults.
 19029 | D:15     | Entered Level 15 of the Dungeon
 19123 | D:15     | Reached **** piety under Vehumet
 19260 | D:15     | Found a staircase to the Depths.
 19273 | D:15     | Found a runed translucent gate.
 19273 | D:15     | Found a runed translucent gate.
 19273 | D:15     | Found a runed translucent gate.
 19310 | D:15     | Offered knowledge of Iskenderun's Battlesphere by Vehumet.
 19311 | D:15     | Reached XP level 16. HP: 32/83 MP: 12/39
 19331 | D:14     | Learned a level 5 spell: Iskenderun's Battlesphere
 19823 | D:15     | Learned a level 3 spell: Vhi's Electric Charge
 19835 | D:15     | Identified the +4 scale mail "Yppin" {+Inv rC- Str+7 SInv}
 19838 | D:15     | Noticed greenreed's ghost (journeyman FoFi)
 19990 | D:15     | Killed greenreed's ghost
 19991 | D:15     | Reached skill level 5 in Summonings
 20038 | Depths:1 | Entered Level 1 of the Depths
 20065 | Depths:1 | Reached ***** piety under Vehumet
 20080 | Depths:1 | Offered knowledge of Lee's Rapid Deconstruction by Vehumet.
 20187 | Orc:1    | Entered Level 1 of the Orcish Mines
 20572 | Orc:2    | Entered Level 2 of the Orcish Mines
 20599 | Orc:2    | Reached skill level 15 in Conjurations
 20739 | Orc:2    | Found Cebiso's Distillery.
 20747 | Orc:2    | Found Vapty's Magic Scroll Emporium.
 20925 | Orc:2    | Bought a scroll of acquirement for 676 gold pieces
 21493 | Orc:2    | Found Gauhy's Book Boutique.
 21493 | Orc:2    | Found Yryd's Antique Weapon Shop.
 21493 | Orc:2    | Found a one-way gate leading to the halls of Pandemonium.
 21505 | Orc:2    | Acquired an Everburning Encyclopedia
 21538 | Orc:2    | Bought a scroll of enchant armour for 97 gold pieces
 21538 | Orc:2    | Bought a scroll of enchant weapon for 97 gold pieces
 21538 | Orc:2    | Bought a scroll of amnesia for 52 gold pieces
 21540 | Orc:2    | Bought a potion of cancellation for 104 gold pieces
 22077 | Orc:1    | Noticed Nergalle
 22080 | Orc:1    | Killed Nergalle
 22446 | Orc:2    | Found a staircase to the Elven Halls.
 22468 | Orc:2    | Learned a level 8 spell: Ignition
 22969 | Shoals:1 | Entered Level 1 of the Shoals
 23043 | Shoals:1 | Reached skill level 15 in Fire Magic
 23124 | Shoals:1 | Found a frozen archway.
 23134 | IceCv    | Entered an ice cave
 23135 | IceCv    | Reached ****** piety under Vehumet
 23507 | IceCv    | Reached XP level 17. HP: 73/87 MP: 29/41
 23675 | IceCv    | Offered knowledge of Ozocubu's Refrigeration by Vehumet.
 24354 | Shoals:1 | Noticed Kirke
 24356 | Shoals:1 | Killed Kirke
 24641 | Shoals:2 | Learned a level 2 spell: Sublimation of Blood
 24651 | Shoals:2 | Noticed Donald
 24660 | Shoals:2 | Killed Donald
 24928 | Shoals:2 | Reached skill level 1 in Necromancy
 25596 | Shoals:3 | Offered knowledge of Irradiate by Vehumet.
 26153 | Shoals:4 | Entered Level 4 of the Shoals
 26272 | Shoals:4 | Found the amulet of the Air {Inacc Air Fly rElec RMsl}
 26574 | Shoals:4 | Reached XP level 18. HP: 92/92 MP: 34/44
 26626 | Shoals:4 | Identified the +10 arbalest of the Middle {antimagic, Str+4
                  | Stlth+}
 26649 | Shoals:4 | Noticed Polyphemus
 26787 | Shoals:4 | Killed Polyphemus
 26914 | Shoals:4 | Offered knowledge of Conjure Ball Lightning by Vehumet.
 27063 | Shoals:4 | Got a barnacled rune of Zot
 27132 | Shoals:4 | Got the Precepts of Meteoric Shapes
 27140 | Shoals:4 | Learned a level 4 spell: Summon Lightning Spire
 27825 | Vaults:1 | Entered Level 1 of the Vaults
 28135 | Vaults:1 | Noticed Saint Roka
 28139 | Vaults:1 | Killed Saint Roka
 28280 | Vaults:1 | Noticed Zenata
 28287 | Vaults:1 | Killed Zenata
 28543 | Vaults:1 | Acquired a +1 pair of gloves of stealth
 28884 | Vaults:1 | Gained mutation: A frigid envelope surrounds you and
                  | freezes all who hurt you. [potion of mutation]
 28884 | Vaults:1 | Gained mutation: You have sharp toenails. [potion of
                  | mutation]
 28884 | Vaults:1 | Gained mutation: Your natural rate of healing is unusually
                  | fast. [potion of mutation]
 29320 | Vaults:2 | Offered knowledge of Eringya's Noxious Bog by Vehumet.
 29349 | Vaults:2 | Found a staircase to the Crypt.
 29578 | Vaults:2 | Reached XP level 19. HP: 96/96 MP: 46/46
 30023 | Vaults:2 | Found a runed translucent gate.
 30023 | Vaults:2 | Found a runed translucent gate.
 30023 | Vaults:2 | Found a runed translucent gate.
 30025 | Vaults:2 | Noticed Hyuliamusu's ghost (adept DjSu)
 30039 | Vaults:2 | Offered knowledge of Freezing Cloud by Vehumet.
 30620 | Vaults:2 | Killed Hyuliamusu's ghost
 30871 | Vaults:3 | Found a flickering gateway to a bazaar.
 30880 | Bazaar   | Entered a bazaar
 30891 | Bazaar   | Found Haipyub's Jewellery Shoppe.
 30956 | Bazaar   | Found Reusips's General Store.
 30964 | Bazaar   | Found Riabiamipi's Antique Weapon Shop.
 31008 | Bazaar   | Found Roereati's Antique Weapon Shoppe.
 31046 | Bazaar   | Bought the ring of the Garden {rPois rC+ MP+9 Str-4} for
                  | 667 gold pieces
 31335 | Vaults:3 | You are sucked into a shaft and drop 1 floor!
 31599 | Vaults:4 | Offered knowledge of Lehudib's Crystal Spear by Vehumet.
 31738 | Vaults:4 | Found Bed Zia's Weapon Boutique.
 32409 | Vaults:4 | Found Onetexece's Magic Scroll Shoppe.
 32421 | Vaults:4 | Bought 2 scrolls of blinking for 270 gold pieces
 32662 | Vaults:4 | Found Kinnusugei's Antique Armour Boutique.
 32668 | Vaults:4 | Bought a pair of ichor-stained boots for 228 gold pieces
 32668 | Vaults:4 | Identified the +0 pair of boots of Squeaky Happiness
                  | {Str+4} (You bought it in a shop on level 4 of the Vaults)
 32668 | Vaults:4 | Bought a pair of masterwork boots for 228 gold pieces
 32668 | Vaults:4 | Identified the +0 pair of boots of the Armadillo {Rampage
                  | rC++ SInv} (You bought it in a shop on level 4 of the
                  | Vaults)
 32678 | Vaults:4 | Bought a pair of fading gloves for 228 gold pieces
 32678 | Vaults:4 | Identified the +0 pair of gloves of Cautuo {Regen+ MP+9
                  | Int-5 Dex+7} (You bought it in a shop on level 4 of the
                  | Vaults)
 33725 | Spider:1 | Entered Level 1 of the Spider Nest
 33728 | Spider:1 | Reached skill level 1 in Shields
 33813 | Spider:1 | Got the Atlas of Death
 33921 | Spider:1 | Reached XP level 20. HP: 101/101 MP: 48/48
 34097 | Spider:1 | Offered knowledge of Fire Storm by Vehumet.
 34097 | Spider:1 | Offered knowledge of Shatter by Vehumet.
 34097 | Spider:1 | Offered knowledge of Polar Vortex by Vehumet.
 34109 | Spider:1 | Learned a level 9 spell: Fire Storm
 34447 | Spider:1 | Reached skill level 5 in Stealth
 34550 | Spider:2 | Noticed Arachne
 34556 | Spider:2 | Killed Arachne
 35378 | Spider:3 | Identified the +1 trident "Yhez" {elec, Dex+4}
 35997 | Spider:3 | Reached skill level 5 in Shields
 36089 | Spider:4 | Entered Level 4 of the Spider Nest
 36111 | Spider:4 | Identified the +1 pair of gloves "Hiohab" {Stlth+}
 36111 | Spider:4 | Noticed Nikola
 36213 | Spider:4 | Noticed Mara
 36230 | Spider:4 | Noticed Khashishi's illusion
 36240 | Spider:4 | Killed Mara
 36562 | Spider:4 | Killed Nikola
 37363 | Spider:4 | Reached XP level 21. HP: 105/105 MP: 46/50
 37493 | Spider:4 | Got a gossamer rune of Zot
 38069 | Vaults:5 | Entered Level 5 of the Vaults
 38101 | Vaults:5 | Noticed a golden dragon
 38105 | Vaults:5 | Killed a golden dragon
 38161 | Vaults:5 | Noticed a dread lich
 38167 | Vaults:5 | Killed a dread lich
 38407 | Vaults:5 | Identified the ring "Fasaighe" {rPois Will+ Stlth+}
 38827 | Vaults:5 | Identified the +3 chain mail "Selai" {rElec rF++ Regen+
                  | Dex-4 Stlth+}
 38866 | Vaults:5 | Reached XP level 22. HP: 110/110 MP: 45/52
 38904 | Vaults:5 | Identified the +7 mace of Uzuts {flame, rC+}
 38905 | Vaults:5 | Identified the +5 halberd of the Past {vorpal, Str+4 Int+10
                  | Dex-4}
 38936 | Vaults:5 | Identified the +9 spear of the Heavens {flame, *Corrode
                  | Will+++ Str-4 SInv}
 38997 | Vaults:5 | Identified the +2 pair of boots of Bursted Freedom {Str+7}
 39041 | Vaults:5 | Identified the +1 pair of gloves of the Thunderstorm {rElec
                  | Int+4}
 39052 | Vaults:5 | Identified the +3 ring mail of Inviolability {rF+ Int+3}
 39081 | Vaults:5 | Identified the +2 tower shield of the Barnacle {rN+ Int+3
                  | Dex-4}
 39083 | Vaults:5 | Got the Enchiridion on Harmful Clay
 39199 | Vaults:5 | Noticed a golden dragon
 39203 | Vaults:5 | Reached skill level 1 in Staves
 39206 | Vaults:5 | Killed a golden dragon
 39315 | Vaults:5 | Found Jis Doe's General Store.
 39323 | Vaults:5 | Bought a scroll of enchant armour for 135 gold pieces
 39341 | Vaults:5 | Got Faarghio's Collected Works on the Discontinuous Snake
 39406 | Vaults:5 | Identified the +4 short sword "Xinuacee" {vorpal, *Slow rF+
                  | rCorr}
 39409 | Vaults:5 | Got a silver rune of Zot
 39868 | Crypt:1  | Entered Level 1 of the Crypt
 40165 | Crypt:1  | Reached skill level 5 in Evocations
 40812 | Crypt:2  | Noticed Frederick
 40817 | Crypt:2  | Killed Frederick
 41485 | Crypt:2  | Found a burning altar of Makhleb.
 41517 | Crypt:2  | Found a glowing golden altar of the Shining One.
 41582 | Crypt:3  | Entered Level 3 of the Crypt
 41995 | Crypt:3  | Found a staircase to the Tomb.
 42464 | Crypt:3  | Noticed a curse toe
 42471 | Crypt:3  | Killed a curse toe
 42764 | Crypt:3  | Noticed a dread lich
 42769 | Crypt:3  | Killed a dread lich
 42770 | Crypt:3  | Reached skill level 5 in Staves
 42890 | Crypt:3  | Reached XP level 23. HP: 118/118 MP: 43/54
 42961 | Crypt:3  | Identified the +0 scale mail of Valiance {rC+}
 43075 | Crypt:3  | Found the +8 Vampire's Tooth {vamp}
 43523 | Elf:1    | Entered Level 1 of the Elven Halls
 43547 | Elf:1    | Found Xulo's General Store.
 43581 | Elf:1    | Bought a potion of haste for 180 gold pieces
 43581 | Elf:1    | Bought a scroll of amnesia for 72 gold pieces
 43670 | Elf:1    | Reached skill level 5 in Fighting
 43679 | Elf:1    | Got the Precepts of the Commander
 43953 | Elf:1    | Found a runed translucent door.
 43957 | Elf:1    | Noticed Lobster4's ghost (adept HuSu)
 43984 | Elf:1    | Killed Lobster4's ghost
 44920 | Elf:2    | Reached XP level 24. HP: 126/126 MP: 54/54
 44977 | Elf:2    | Found a runed translucent gate.
 44977 | Elf:2    | Found a runed translucent gate.
 44977 | Elf:2    | Found a runed translucent gate.
 45385 | Elf:3    | Entered Level 3 of the Elven Halls
 46404 | Elf:3    | Identified the +10 falchion of Ugurebb {spect, rElec rPois
                  | Will+}
 46406 | Elf:3    | Identified the +9 plate armour of Qizolo {+Inv rF+++ Str-4
                  | Dex+2}
 46499 | Elf:3    | Identified the +2 quarterstaff "Taat" {freeze, *Corrode
                  | +Blink Int+4}
 46511 | Elf:3    | Got Sif Muna's Cyclopedia of the Chill
 46522 | Elf:3    | Got the Volume of the Chill and Arcane Weapons
 46789 | Elf:3    | Upgraded the game from 0.30-a0-462-gd5975efbca to
                  | 0.30-a0-465-g8901f6c8b5
 47112 | Depths:1 | Found a gateway to Hell.
 47219 | Depths:1 | Reached XP level 25. HP: 134/134 MP: 49/55
 47380 | Depths:1 | Found a runed translucent door.
 47383 | Depths:1 | Noticed Hyev's ghost (adept DsCA)
 47397 | Depths:1 | Killed Hyev's ghost
 47552 | Depths:1 | Found a sparkling altar of Nemelex Xobeh.
 47909 | Depths:2 | Identified the +0 scale mail of the Realm of Zot {Int+2}
 48983 | Depths:3 | Found a one-way gate to the infinite horrors of the Abyss.
 49131 | Depths:3 | Found Laesaasm's Distillery.
 49243 | Depths:3 | Noticed Jory
 49248 | Depths:3 | Killed Jory
 49273 | Depths:3 | Found Luuhuoxt's General Store.
 49364 | Depths:3 | Noticed the Enchantress
 49365 | Depths:3 | Killed the Enchantress
 49440 | Depths:3 | Noticed Boris
 49442 | Depths:3 | Killed Boris
 49527 | Depths:3 | Identified the +7 halberd of the Genius {elec, rPois Will-
                  | Int+5 Dex-4}
 49535 | Depths:3 | Reached skill level 27 in Spellcasting
 49788 | Depths:3 | Found Big Baal Hell's Store.
 49802 | Depths:3 | Bought the ring of Circularity {Drain rPois Int+8 Dex+5}
                  | for 3214 gold pieces
 49997 | Depths:4 | Entered Level 4 of the Depths
 50096 | Depths:4 | Identified the ring "Ugilit" {Ice +Blink rN+ Str+4 Int-5}
 50096 | Depths:4 | Noticed Josephina
 50098 | Depths:4 | Killed Josephina
 50115 | Depths:4 | Found a sacrificial altar of Ru.
 50140 | Depths:4 | Found a one-way gateway to a ziggurat.
 50229 | Depths:4 | Found Meyssep's Book Boutique.
 50316 | Depths:4 | Found a radiant altar of Vehumet.
 50384 | Depths:4 | Found a gate to the Realm of Zot.
 50703 | Zot:1    | Entered Level 1 of the Realm of Zot
 50737 | Zot:1    | Identified the +2 robe "Veotuo Quaz" {Fly rN+ Dex-5}
 50885 | Zot:1    | Reached skill level 10 in Shields
 50885 | Zot:1    | Reached XP level 26. HP: 141/141 MP: 56/56
 51377 | Zot:2    | Noticed an orb of fire
 51381 | Zot:2    | Gained mutation: You are weak. (Str -2) [an orb of fire]
 51384 | Zot:2    | Killed an orb of fire
 51487 | Zot:2    | Noticed Vv
 51492 | Zot:2    | Killed Vv
 52657 | Zot:4    | Noticed an ancient lich
 52659 | Zot:4    | Killed an ancient lich
 53085 | Zot:4    | Reached XP level 27. HP: 144/146 MP: 54/56
 53619 | Zot:5    | Entered Level 5 of the Realm of Zot
 53663 | Zot:5    | Found a large runed translucent door.
 53663 | Zot:5    | Found a large runed translucent door.
 53665 | Zot:5    | Noticed Zoaron's ghost (legendary MiBe)
 53711 | Zot:5    | Killed Zoaron's ghost
 53800 | Zot:5    | Noticed an orb of fire
 53805 | Zot:5    | Killed an orb of fire
 54114 | Zot:5    | Reached skill level 27 in Dodging
 54373 | Zot:5    | Noticed a dread lich
 54375 | Zot:5    | Killed a dread lich
 54396 | Zot:5    | Noticed a dread lich
 54398 | Zot:5    | Killed a dread lich
 54528 | Zot:5    | Noticed a dread lich
 54531 | Zot:5    | Killed a dread lich
 54548 | Zot:5    | Noticed an orb of fire
 54551 | Zot:5    | Killed an orb of fire
 54694 | Zot:5    | Noticed a dread lich
 54695 | Zot:5    | Noticed an orb of fire
 54700 | Zot:5    | Killed an orb of fire
 54717 | Zot:5    | Noticed an ancient lich
 54720 | Zot:5    | Killed an ancient lich
 54769 | Zot:5    | Reached skill level 1 in Air Magic
 54805 | Zot:5    | Killed a dread lich
 54911 | Zot:5    | Got the Orb of Zot
 55105 | D:15     | Noticed Heuroad the pandemonium lord
 55108 | D:15     | Killed Heuroad the pandemonium lord
 55361 | D:2      | Noticed a seraph
 55369 | D:2      | Killed a seraph
 55397 | D:$      | Escaped with the Orb!

Illustrated notes

Levels and vault maps discovered:
D:1:      dpeg_arrival_water_fire, layout_rooms, ebering_ecumenical_altar_webs,
          serial_corexii_hall, chequers_hall_statues_corner_a,
          corexii_hall_statues_deadend, corexii_hall_statues_t,
          corexii_hall_statues_i, chequers_hall_statues_corner_a,
          chequers_hall_statues_corner_a, minmay_worlds_worst_comb
D:2:      layout_rooms, basic_altar, minmay_tetromino_l2
D:3:      layout_basic, lemuel_tele_altar, evilmike_ruin_ashenzari,
          uniq_sigmund, uniq_ijyb
D:4:      layout_basic, mainiacjoe_overflow_catwalk
D:5:      layout_rooms, kennysheep_generic_room_9, uniq_grinder
D:6:      layout_loops_ring, uniq_edmund
D:7:      layout_basic, minmay_temple_entry_trees
D:8:      layout_loops_ring, mainiacjoe_overflow_catch_the_wave,
          lair_entry_dummy, gammafunk_ghost_spectres, minivault_25,
          reono_crystal_passage
D:9:      layout_basic, nzn_wu_jian_contemplation, mainiacjoe_overflow_chevrons,
          minitemple, uniq_erica
D:10:     minmay_four_partial_circles, layout_cave_pools,
          kennysheep_generic_room_14
D:11:     layout_big_octagon, minmay_orc_entry_temple_small,
          serial_column_ruins, column_ruins_hut, column_ruins_hut,
          column_ruins_open_tiny, column_ruins_grid_3, column_ruins_grid_1,
          column_ruins_columns_T, column_ruins_open_tiny, minmay_puff
D:12:     lemuel_troll_bridge, layout_basic, minivault_16,
          kennysheep_slug_shrine, uniq_erolcha
D:13:     minmay_gate_of_8, layout_irregular_city, uniq_lodul
D:14:     layout_basic, david_vaults_5, eino_curves_01
D:15:     grunt_enter_depths_giant_problem, layout_gridville,
          maelrawn_ghost_gauntlet_escape
Temple:   nicolae_temple_ecumenical_triangle
Lair:1:   layout_misc_corridors, special_room [special_room_bee],
          chequers_serial_rivers_room_a, infiniplex_staircase_pool_2,
          serial_bayou_shore_b, lemuel_fruit_fields, lemuel_fruit_fields
Lair:2:   layout_regular_city, minmay_shoals_entry_hut,
          hellmonk_spider_entry_not_the_bees, serial_bayou_shore_a,
          serial_bayou_shore_b
Lair:3:   layout_cave_pods, beast_lair_carwin_10, uniq_urug, uniq_nessos,
          uniq_amaemon, uniq_prince_ribbit2
Lair:4:   layout_concentric_octagons, dpeg_slime_entry_corner, uniq_sonja
Lair:5:   cheibrodos_lair_end_hotspot, layout_cave_shapes
Shoals:1: layout_shoals, portal_ice_cave_entry_pillars_three, uniq_kirke
Shoals:2: layout_shoals, hangedman_shoals_cup_caves, uniq_donald
Shoals:3: layout_shoals
Shoals:4: shoals_end_grunt_ice, layout_shoals, uniq_polyphemus
Spider:1: layout_cave_pods, nicolae_spider_undead_wolf_pack
Spider:2: layout_spider_delve, hangedman_spider_tarantella_strand, uniq_arachne
Spider:3: nicolae_spider_hilbert_zone_4 [nicolae_spider_hilbert_4_sides_2_open,
          nicolae_spider_hilbert_4_sides_1_open,
          nicolae_spider_hilbert_4_sides_1_open,
          nicolae_spider_hilbert_4_sides_1_open,
          nicolae_spider_hilbert_4_sides_1_open,
          nicolae_spider_hilbert_2_sides_1_open,
          nicolae_spider_hilbert_2_sides_1_open,
          nicolae_spider_hilbert_2_sides_1_open,
          nicolae_spider_hilbert_2_sides_1_open,
          nicolae_spider_hilbert_6_sides_1_open,
          nicolae_spider_hilbert_6_sides_1_open,
          nicolae_spider_hilbert_3_sides_1_open,
          nicolae_spider_hilbert_3_sides_1_open]
Spider:4: floodkiller_spider_rune_tomb, uniq_mara, uniq_nikola
Slime:1:  cheibrodos_slime_lost_civilization_9, layout_caves
Orc:1:    minmay_goldmine, layout_caves, mines1_david, uniq_nergalle
Orc:2:    pf_orc_diabolical, layout_caves
Elf:1:    eino_elf_arrival_the_gate, layout_loops_cross, serial_shops, shop,
          hellmonk_ghost_happy_afterlife, minmay_elf_demonology,
          minmay_misc_feat_columns, hangedman_elf_simple_split
Elf:2:    nicolae_elf_blades_splatter_lattice [nicolae_blade_entry_pointy_end],
          layout_onion_city, einodemon_crawler_minivault
Elf:3:    minmay_elf_hall_statues, layout_geoelf_castle
Vaults:1: ontoclasm_vaults_ring_large, hangedman_vaults_snaps, v_rooms_6,
          ontoclasm_vaults_eye, nicolae_vaults_triangles, vaults_dpeg_hooks,
          grunt_vaults_funnel, v_misc_16, nicolae_vaults_three_branches,
          v_misc_23, v_misc_25, ontoclasm_vaults_fault, vaults_dpeg_diagonal,
          vaults_dpeg_emergency_exit, layout_vaults_omnibox, uniq_saint_roka,
          uniq_zenata
Vaults:2: gammafunk_ghost_necromancy, minmay_crypt_entry_skeletal_spiral,
          ontoclasm_vaults_ring_large, nicolae_vaults_network_quinsquares
          [nicolae_vaults_network_quincunx_subvault,
          nicolae_vaults_network_quincunx_subvault,
          nicolae_vaults_network_quincunx_subvault,
          nicolae_vaults_network_quincunx_subvault], v_misc_18, v_misc_27,
          vaults_room_stairs_pillars, vaults_room_hallway,
          ontoclasm_vaults_gateway, layout_vaults_quadrants
Vaults:3: vaults_mumra_chevron_long, vaults_mumra_lcd, vaults_dpeg_spiral,
          grunt_vaults_bifocal, ontoclasm_vaults_bender, nicolae_vaults_theta,
          nicolae_vaults_rhombus_6, vaults_standard_mumra_x,
          layout_vaults_big_room, serial_shops, bzr_firewalk
Vaults:4: hangedman_vaults_capsules, nicolae_vaults_little_ls,
          hangedman_vaults_restitches, nicolae_vaults_circle_grid_b,
          nicolae_vaults_ninety_degrees, nicolae_vaults_border_crossing,
          hangedman_vaults_cutoff, vaults_mumra_minichess,
          ontoclasm_vaults_tryst, v_alt_pattern_3, nicolae_vaults_angled_halls,
          vaults_room_fancy_cross, nicolae_vaults_little_squares_3,
          layout_vaults_big_cross, serial_shops, shop,
          nicolae_shop_bloodbath_and_beyond, shop
Vaults:5: serial_shops
Crypt:1:  layout_misc_corridors, grunt_crypt_arrival_webbed, grunt_megastairs_2
Crypt:2:  layout_chaotic_city, nzn_life_drinkers,
          roderic_lattice_octagonal_star, uniq_frederick
Crypt:3:  due_elkab, layout_chaotic_city, nicolae_tomb_entry_grand_gallery,
          palyth_stone_intersect
Depths:1: layout_cave_shapes, ebering_ghost_reflecting_pool,
          grunt_mini_vestibule, fountainhead, nicolae_lava_and_water,
          minmay_splitting_lines, nemelex_spade_bored_becter
Depths:2: minmay_inside_and_out, layout_honeycomb, serial_sigils_hangedman_etch,
          rand_demon_pan_entry_7, grunt_hell_entry_dis_grunt,
          hangedman_decor_diamond_cutter
Depths:3: minmay_stepped, layout_gridlike, nicolae_hell_entry_big_baal_hell,
          serial_bayou_pond_a, serial_shops, nicolae_lakefront_shop, shop,
          abyss_entry, serial_bayou_shore_b, uniq_boris, uniq_enchantress,
          uniq_jory
Depths:4: grunt_zot_entry_pinwheel, layout_honeycomb, enter_ziggurat_d,
          lemuel_crystal_altar, hell_entry, serial_shops, shop,
          nicolae_vehumet_altar_sigil, uniq_josephina
Zot:1:    lemuel_draconian_sentries_small, layout_misc_corridors
Zot:2:    kennysheep_ambush_hall, layout_twisted_circle, uniq_vv
Zot:3:    layout_gridville, lemuel_elevator
Zot:4:    ebering_klown_carousel, layout_gridlike, grunt_ministairs_4,
          bh_zot_lava_cross
Zot:5:    layout_basic, ebering_ghost_disaster_area

Skill      XL: |  1  2  3  4  5  6  7  8  9 10 11 12 13 14 15 16 17 18 19 20 21 22 23 24 25 26 27 |
---------------+----------------------------------------------------------------------------------+-----
Stealth        | 3 4 7 8 |  8.2
Dodging        | 3 4 5 6 7 8 10 11 12 14 15 17 18 19 20 21 22 23 24 25 26 27 | 27.0
Conjurations   | 2 3 4 5 6 7 9 10 11 12 14 15 16 17 18 19 20 21 22 23 24 25 | 25.0
Fire Magic     | 4 5 6 7 8 9 10 12 13 14 15 17 18 19 20 21 22 23 24 25 | 25.5
Spellcasting   | 4 6 8 9 11 12 13 15 16 17 18 20 21 22 23 24 25 26 27 | 27.0
Translocations | 3 4 |  4.0
Evocations     | 4 7 8 |  8.2
Fighting       | 3 4 5 7 8 |  8.7
Armour         | 2 3 |  3.9
Long Blades    | 4 6 |  6.0
Summonings     | 3 6 9 |  9.3
Necromancy     | 3 4 |  4.1
Shields        | 2 5 10 13 14 | 14.0
Staves         | 5 6 |  6.3
Air Magic      | 1 |  1.6

Action                   |  1- 3 |  4- 6 |  7- 9 | 10-12 | 13-15 | 16-18 | 19-21 | 22-24 | 25-27 || total
-------------------------+-------+-------+-------+-------+-------+-------+-------+-------+-------++-------
Melee: Short sword       |    34 |     2 |       |       |       |       |       |       |       ||    36
       Whip              |       |       |     4 |     1 |       |       |       |       |       ||     5
       Dagger            |       |       |       |     4 |       |       |       |       |       ||     4
       Scimitar          |       |       |       |       |    46 |    50 |    35 |       |       ||   131
       Staff             |       |       |       |       |       |       |       |    20 |    31 ||    51
Throw: Dart              |       |       |       |     2 |     7 |     1 |       |       |       ||    10
 Cast: Foxfire           |    54 |    51 |    85 |   105 |    47 |    40 |       |       |       ||   382
       Scorch            |     3 |    16 |    46 |    71 |    56 |     9 |     4 |     1 |       ||   206
       Searing Ray       |     2 |     3 |    13 |     4 |     2 |     2 |       |     1 |       ||    27
       Flame Wave        |       |       |     4 |    40 |    50 |    10 |     1 |       |       ||   105
       Kindle Blastspark |       |       |     1 |    15 |    20 |     2 |       |       |       ||    38
       Fireball          |       |       |       |    24 |    61 |   190 |   142 |    94 |    71 ||   582
       Starburst         |       |       |       |       |    67 |    60 |    64 |    59 |    32 ||   282
       Orb of Destructio |       |       |       |       |     9 |    43 |    41 |    37 |    19 ||   149
       Iskenderun's Batt |       |       |       |       |       |    12 |       |       |       ||    12
       Spellforged Servi |       |       |       |       |       |    71 |   101 |   100 |    83 ||   355
       Ignition          |       |       |       |       |       |    40 |   130 |    35 |    10 ||   215
       Inner Flame       |       |       |       |       |       |     2 |       |       |       ||     2
       Vhi's Electric Ch |       |       |       |       |       |     2 |       |       |       ||     2
       Sublimation of Bl |       |       |       |       |       |    49 |   138 |   104 |   206 ||   497
       Summon Lightning  |       |       |       |       |       |     2 |    17 |     3 |     2 ||    24
       Fire Storm        |       |       |       |       |       |       |    16 |    74 |   267 ||   357
 Abil: Evoke Blink       |       |       |       |       |       |       |       |     2 |     4 ||     6
Evoke: Wand              |       |     1 |       |    20 |     5 |       |     5 |       |       ||    31
       Lightning rod     |       |       |       |       |       |       |     9 |       |       ||     9
       Box of beasts     |       |       |       |       |       |       |     1 |       |       ||     1
       Condenser vane    |       |       |       |       |       |       |     1 |       |       ||     1
  Use: Scroll            |       |       |    12 |    17 |    11 |     8 |     4 |     7 |     4 ||    63
       Potion            |       |       |     2 |     8 |     2 |     4 |    12 |     1 |     5 ||    34
 Stab: Sleeping          |     4 |     1 |     1 |     2 |     2 |     1 |       |       |       ||    11
       Distracted        |       |       |       |       |       |     1 |     1 |     1 |     1 ||     4
Armor: Robe              |    10 |       |       |       |       |     6 |    18 |     4 |       ||    38
       Leather armour    |    10 |     3 |    17 |       |       |       |       |       |     2 ||    32
       Steam dragon scal |       |       |     3 |    34 |    30 |     3 |       |       |       ||    70
       Skin              |       |       |       |    17 |    18 |       |       |       |       ||    35
       Acid dragon scale |       |       |       |       |       |     8 |       |       |       ||     8
Dodge: Dodged            |    34 |    19 |    33 |   100 |   151 |   143 |   165 |    79 |    82 ||   806
       Repelled          |       |       |       |       |       |     1 |     4 |     2 |     7 ||    14
Block: Buckler           |       |       |       |       |       |       |    22 |    24 |    25 ||    71

Table legend: (Time is in decaauts)
 A = Elapsed time spent in this place.
 B = Non-inter-level travel time spent in this place.
 C = Inter-level travel time spent in this place.
 D = Time resting spent in this place.
 E = Time spent auto-exploring this place.
 F = Levels seen in this place.
 G = Mean time per level.
                   A        B        C        D        E       F      G
               +--------+--------+--------+--------+--------+-----+--------+
         Total |  55700 |  50012 |   5688 |   5950 |  22907 |  54 | 1031.5 |
       Dungeon |  13705 |  11536 |   2169 |   1935 |   5798 |  15 |  913.7 |
        Temple |     43 |     43 |      0 |      0 |     31 |   1 |   43.0 |
          Lair |   7885 |   6989 |    896 |   2580 |   2491 |   5 | 1577.0 |
        Shoals |   4110 |   3820 |    290 |    159 |   1625 |   4 | 1027.5 |
   Spider Nest |   3908 |   3591 |    317 |     19 |   1260 |   4 |  977.0 |
    Slime Pits |     42 |     42 |      0 |      2 |      0 |   1 |   42.0 |
  Orcish Mines |   2665 |   2517 |    148 |    630 |   1083 |   2 | 1332.5 |
   Elven Halls |   3325 |   3131 |    194 |     17 |   1276 |   3 | 1108.3 |
        Vaults |   7392 |   6560 |    832 |    297 |   3520 |   5 | 1478.4 |
         Crypt |   3436 |   3222 |    214 |     32 |   1030 |   3 | 1145.3 |
        Depths |   3788 |   3498 |    290 |      0 |   2267 |   4 |  947.0 |
           Zot |   4346 |   4012 |    334 |     44 |   2223 |   5 |  869.2 |
        Bazaar |    214 |    214 |      0 |      0 |    131 |   1 |  214.0 |
      Ice Cave |    834 |    834 |      0 |    235 |    172 |   1 |  834.0 |
               +--------+--------+--------+--------+--------+-----+--------+

Top non-repeatable levels by time:
  Lair:4: 2191 daAuts
  Lair:2: 1852 daAuts
   Orc:2: 1848 daAuts
Vaults:2: 1763 daAuts
    D:14: 1699 daAuts
 Crypt:3: 1623 daAuts
Vaults:1: 1554 daAuts
     D:8: 1508 daAuts
  Lair:1: 1507 daAuts
Vaults:5: 1500 daAuts
Vaults:4: 1475 daAuts
  Lair:3: 1472 daAuts
   Elf:3: 1419 daAuts
Spider:4: 1376 daAuts
Shoals:4: 1289 daAuts
